 Dungeon Crawl Stone Soup version 0.29.1-12-g30fa7ad0bf (webtiles) character file.

Game seed: 1363786971861100660

211501 cheesebisquit the Executioner (level 18, -6/169 HPs)
             Began as a Minotaur Berserker on Dec 25, 2022.
             Was an Elder of Trog.
             Mangled by a snapping turtle (18 damage)
             ... on level 4 of the Shoals on Dec 26, 2022.
             The game lasted 03:09:02 (36292 turns).

cheesebisquit the Executioner (Minotaur Berserker) Turns: 36292, Time: 03:09:02

Health: -6/169     AC: 38    Str: 29    XL:     18   Next: 21%
Magic:  17/17      EV:  6    Int:  3    God:    Trog [****..]
Gold:   1138       SH:  0    Dex: 11    Spells: 17/17 levels left

rFire   . . .      SeeInvis .   B - +3 war axe (flame)
rCold   . . .      Faith    .   F - +6 tower shield {AC+3}
rNeg    . . .      Spirit   .   M - +4 plate armour "Siesk" {Rampage *Slow Int+2}
rPois   .          Reflect  +   J - +2 hat {Stlth+}
rElec   .          Harm     .   l - +2 cloak
rCorr   .          Rampage  +   P - +3 Mad Mage's Maulers {Infuse+∞ RegenMP Int-3}
Will    ++...                   V - +2 pair of boots
Stlth   ..........              w - amulet of reflection
HPRegen 0.38/turn               X - ring of flight
MPRegen 0.55/turn               U - ring of willpower

@: lethally poisoned (-6 -> -25), on berserk cooldown, flying, held, slowed,
very slow
A: horns 2, retaliatory headbutt
}: 1/15 runes: serpentine
a: Renounce Religion, Berserk, Trog's Hand, Brothers in Arms


You were on level 4 of the Shoals.
You worshipped Trog.
Trog was greatly pleased with you.
You visited 5 branches of the dungeon, and saw 30 of its levels.

You collected 2891 gold pieces.
You spent 1753 gold pieces at shops.

Inventory:

Hand Weapons
 a - a +1 vampiric war axe
 b - a +0 sling
 k - a +2 morningstar of protection
 B - a +3 war axe of flaming (weapon)
Missiles
 g - 6 throwing nets
 o - 15 datura-tipped darts
 s - 39 poisoned darts (quivered)
 R - 7 curare-tipped darts
Armour
 l - a +2 cloak (worn)
 F - a +6 tower shield of protection (worn)
 H - the +18 shield of the Gong {rElec rN+ Will+ EV-5}
   (You found it on level 1 of the Snake Pit)

   It is deafeningly noisy when blocking attacks.
   EV:        It affects your evasion (-5).
   rElec:     It insulates you from electricity.
   rN:        It protects you from negative energy.
   Will:      It increases your willpower.
 J - a +2 hat of stealth (worn)
 M - the +4 plate armour "Siesk" (worn) {Rampage *Slow Int+2}
   (You found it on level 5 of the Lair of Beasts)

   Int:       It affects your intelligence (+2).
   *Slow:     It may slow you when you take damage.
   Rampage:   It bestows one free step when moving towards enemies.
 P - the +3 Mad Mage's Maulers (worn) {Infuse+∞ RegenMP Int-3}
   (You bought it in a shop on level 2 of the Orcish Mines)

   It empowers its wearer's blows with all of their magic.
   It causes its wearer's magical reserves to regenerate more quickly.
   Int:       It affects your intelligence (-3).
 V - a +2 pair of boots (worn)
Jewellery
 d - a ring of positive energy
 m - the ring of Nusup {Fire rElec}
   (You found it on level 1 of the Snake Pit)

   [ring of fire]

   It enhances your fire magic.
   rF:        It protects you from fire.
   rC:        It makes you vulnerable to cold.
   rElec:     It insulates you from electricity.
 r - a ring of protection from cold
 t - a +4 ring of protection
 w - an amulet of reflection (around neck)
 K - a ring of magical power
 Q - an amulet of the acrobat
 S - a ring of fire
 T - an amulet of regeneration
 U - a ring of willpower (right hand)
 W - a +6 ring of dexterity
 X - a ring of flight (left hand)
 Y - a ring of ice
Wands
 h - a wand of iceblast (31)
 n - a wand of paralysis (31)
 v - a wand of polymorph (39)
 E - a wand of flame (78)
 I - a wand of light (21)
Scrolls
 e - 2 scrolls of fear
 j - a scroll of blinking
 u - 3 scrolls of teleportation
 y - 4 scrolls of magic mapping
 A - 2 scrolls of brand weapon
 L - 7 scrolls of fog
Potions
 c - a potion of experience {unknown}
 i - 6 potions of invisibility
 p - 3 potions of might
 q - 3 potions of resistance
 x - 3 potions of haste
 z - 3 potions of cancellation
 C - 3 potions of heal wounds
 D - 18 potions of curing
 G - 5 potions of lignification
 N - 2 potions of magic


   Skills:
 + Level 17.0 Fighting
 + Level 22.7 Axes
 + Level 16.7 Armour
 + Level 13.1 Dodging
 + Level 19.0 Shields


You had 17 spell levels left.
You didn't know any spells.
Your spell library was empty.

Dungeon Overview and Level Annotations

Branches:
Dungeon (15/15)            Temple (0/1) D:5            Lair (5/5) D:11
 Shoals (4/4) Lair:3        Snake (4/4) Lair:3        Slime (0/5) Lair:5
    Orc (2/2) D:11            Elf (0/3) Orc:2        Vaults (0/5) D:14
 Depths (0/4) D:15

Altars:
Cheibriados
Kikubaaqudgha
Makhleb
Qazlal
Ru
Sif Muna
Trog
Uskayaw
Zin
The Shining One

Shops:
D:3 (   D:8 :   D:10 !   D:13 [   Orc:2 !([!   Shoals:2 *   Snake:1 !*
Snake:2 =*?**

Portals:
Bazaar: Orc:2

Annotations:
D:13 exclusion: obsidian statue
Lair:4 3 runed translucent doors, exclusion: oklob plant, Gutwoarch's ghost, journeyman GnDe


Innate Abilities, Weirdness & Mutations

You have a pair of horns on your head.
You reflexively headbutt those who attack you in melee.


Message History

The snapping turtle bites you but does no damage.
The faun hits you but does no damage.
The merfolk javelineer throws a javelin.
The javelin pierces through you!!
The javelin pierces through the merfolk impaler!
The merfolk impaler dies!
The javelin pierces through the water elemental!
The merfolk hits you but does no damage.
The merfolk hits you from afar with a +0 trident!
* * * LOW HITPOINT WARNING * * *
The merfolk javelineer barely misses you.
The sea snake bites you!
* * * LOW HITPOINT WARNING * * *
The snapping turtle bites you but does no damage.
You feel much better.
You feel very sick.
The merfolk javelineer hits you but does no damage.
The merfolk hits you from afar with a +0 trident!
* * * LOW HITPOINT WARNING * * *
The faun gestures at you while chanting.
You resist with almost no effort.
The merfolk siren chants a haunting song.
You resist with almost no effort. The snapping turtle bites you.
* * * LOW HITPOINT WARNING * * *
The sea snake barely misses you. The faun hits you with a +0 club.
* * * LOW HITPOINT WARNING * * *
The merfolk javelineer throws a javelin.
The javelin pierces through you but does no damage.
The javelin pierces through the water elemental!!
The javelin pierces through the water elemental!
The merfolk hits you but does no damage.
The merfolk javelineer hits you from afar with a +2 spear of venom.
* * * LOW HITPOINT WARNING * * *
You are more poisoned.
The merfolk hits you from afar with a +0 trident.
* * * LOW HITPOINT WARNING * * *
The merfolk hits you from afar with a +0 trident!
* * * LOW HITPOINT WARNING * * *
The snapping turtle bites you from afar!!
You die...

≈≈≈≈≈≈≈≈≈≈≈≈≈~~.$..c..#.P
≈≈≈≈≈≈≈≈≈P~~≈~........#..
≈≈≈≈≈≈≈≈≈~..~.ct)c.......
≈≈≈≈≈≈≈≈≈~~~~~~..........
≈≈≈≈≈≈≈≈~..c.~Sc)...P....
≈≈≈≈≈≈~.Ecm..c.c..#P...#.
≈≈≈≈≈≈~cEm###.c...#....#.
≈≈≈≈≈~...S###m##cH.~...PP
≈≈≈≈≈~..@tm##c...c....##.
≈≈≈≈≈P~.mcHc..~.~~.)...
≈≈≈≈≈~~mmmtc...##~..:.P
≈≈≈≈≈≈~~m.c...P.~~....P
≈≈≈≈≈≈≈~~~.....#~~..#..
≈≈≈≈≈≈≈≈~~~...##..P.#PP
≈≈≈≈≈≈≈≈≈~~~..# .PP.
≈≈≈≈≈≈≈≈≈~~.... ~≈
≈≈≈≈≈≈≈~~~...~ ≈


You could see 3 merfolk javelineers, a satyr, a sea snake, 2 snapping turtles, 4
merfolk, 6 fauns, 2 water elementals, a merfolk siren and a harpy.

Vanquished Creatures
  Nikola (Snake:3)
  Mlioglotl (Snake:1)
  A kraken (Shoals:3)
  Polyphemus (Shoals:2)
  Donald (Shoals:1)
  9 nagarajas
  Ilsuiw (Shoals:2)
  Louise (Shoals:1)
  2 elemental wellsprings (Shoals:2)
  3 merfolk impalers
  3 merfolk javelineers
  An ettin (D:15)
  2 boulder beetles
  Harold (Lair:1)
  4 hydras
  12 anacondas
  6 ogre magi
  4 centaur warriors
  A merfolk avatar (Shoals:3)
  3 catoblepae
  2 satyrs (Shoals:3)
  3 alligator snapping turtles
  12 naga warriors
  20 two-headed ogres
  5 death yaks
  A tengu warrior (D:14)
  8 shock serpents
  9 naga sharpshooters
  4 salamander mystics
  12 sea snakes
  2 deep trolls (D:15)
  6 naga ritualists
  24 harpies
  A deep elf archer (D:14)
  A deep elf zephyrmancer (D:14)
  7 mana vipers
  4 deep elf pyromancers (D:14)
  An orc sorcerer (D:15)
  A necromancer (D:15)
  An orc knight (D:14)
  9 cyclopes
  19 fauns
  17 ugly things
  Joseph (D:8)
  11 salamanders
  14 elephants
  11 merfolk sirens
  13 manticores
  2 molten gargoyles (Lair:4)
  4 guardian serpents (Snake:4)
  33 black mambas
  9 cane toads
  5 water nymphs
  A torpor snail (Lair:4)
  10 naga magi
  2 unseen horrors (D:11)
  A gargoyle (D:10)
  A rime drake (Lair:5)
  10 komodo dragons
  An efreet (D:13)
  2 kobold demonologists (D:13)
  A freezing wraith (D:14)
  A tengu conjurer (D:15)
  7 polar bears
  6 trolls
  18 merfolk
  A troll (shapeshifter) (D:13)
  A wolf spider simulacrum (D:15)
  12 wind drakes
  6 hornets
  Prince Ribbit (D:6)
  21 blink frogs
  18 slime creatures
  17 dream sheep
  10 snapping turtles
  2 shadows
  2 vampires
  14 spriggans (Lair:5)
  2 water elementals (Shoals:3)
  2 wraiths
  40 yaks
  8 basilisks
  10 vampire mosquitoes
  A steam dragon (D:9)
  26 nagas
  12 water moccasins
  2 acid dragons
  Duvessa (D:5)
  Pargi (D:3)
  8 orc warriors
  2 ice beasts (D:7)
  4 black bears
  28 wolves
  7 centaurs
  4 boggarts (Lair:5)
  29 ogres
  2 kobold brigands
  5 necrophages
  7 bullfrogs
  3 scorpions
  12 wights (D:8)
  Dowan (D:5)
  11 killer bees
  2 vampire bats (D:8)
  4 howler monkeys
  5 electric eels
  5 lava snakes (Lair:4)
  6 hounds
  A jelly (D:3)
  10 orc priests
  Ijyb (D:3)
  Terence (D:2)
  2 iguanas
  11 orc wizards
  2 hell rats (D:11)
  6 gnolls
  8 adders
  A shadow imp (D:7)
  A white imp (D:6)
  2 ufetubi
  2 dart slugs
  A worm (D:2)
  50 orcs
  6 ball pythons
  6 bats
  A bat skeleton (D:8)
  5 bat zombies (D:8)
  8 endoplasms
  5 giant cockroaches
  7 goblins
  10 hobgoblins
  2 jackals (D:3)
  3 quokkas
  3 frilled lizards
  18 kobolds
  6 rats
  2 tentacles (Shoals:3)
927 creatures vanquished.

Vanquished Creatures (others)
  A nagaraja (Snake:4)
  A merfolk impaler (Shoals:4)
  A harpy (Shoals:3)
  A guardian serpent (Snake:4)
  A blink frog (Lair:1)
  A naga (Snake:4)
  2 orcs (Orc:2)
  27 fungi
  184 plants
  2 tentacles (Shoals:3)
  A withered plant (Shoals:3)
222 creatures vanquished.

Grand Total: 1149 creatures vanquished

Notes
Turn   | Place    | Note
-------+----------+-------------------------------------------
     0 | D:1      | cheesebisquit the Minotaur Berserker began the quest for
                  | the Orb.
     0 | D:1      | Reached XP level 1. HP: 19/19 MP: 0/0
    77 | D:1      | Reached XP level 2. HP: 26/27 MP: 1/1
   370 | D:1      | Found a faded altar of an unknown god.
   676 | D:1      | Reached skill level 4 in Axes
   731 | D:1      | Reached XP level 3. HP: 33/33 MP: 2/2
   776 | D:1      | Reached ** piety under Trog
   798 | D:1      | You fall into a shaft and drop 1 floor!
  1502 | D:2      | Noticed Terence
  1508 | D:2      | Killed Terence
  1509 | D:2      | Reached skill level 5 in Axes
  1509 | D:2      | Reached XP level 4. HP: 40/40 MP: 3/3
  1960 | D:3      | Found Zont's Antique Weapon Shop.
  1960 | D:3      | Noticed Ijyb
  1960 | D:3      | Paralysed by Ijyb for 4 turns
  1968 | D:3      | Paralysed by Ijyb for 5 turns
  1970 | D:3      | Noticed Pargi
  1978 | D:3      | Killed Ijyb
  1979 | D:3      | Reached skill level 6 in Axes
  1981 | D:3      | Killed Pargi
  1982 | D:3      | Reached skill level 7 in Axes
  1982 | D:3      | Reached XP level 5. HP: 46/46 MP: 4/4
  2509 | D:3      | Reached XP level 6. HP: 51/52 MP: 5/5
  2650 | D:3      | Reached skill level 8 in Axes
  3299 | D:4      | Reached skill level 9 in Axes
  3310 | D:4      | Reached XP level 7. HP: 15/59 MP: 6/6
  3909 | D:4      | Found a hide-covered altar of Uskayaw.
  4074 | D:5      | Entered Level 5 of the Dungeon
  4176 | D:5      | Noticed Duvessa
  4176 | D:5      | Noticed Dowan
  4185 | D:5      | Killed Duvessa
  4186 | D:5      | Reached skill level 10 in Axes
  4187 | D:5      | Killed Dowan
  4484 | D:5      | Reached skill level 11 in Axes
  4598 | D:5      | Found a staircase to the Ecumenical Temple.
  4605 | D:5      | Reached *** piety under Trog
  4712 | D:5      | Reached XP level 8. HP: 63/66 MP: 7/7
  5041 | D:6      | Reached skill level 12 in Axes
  5178 | D:6      | Found a glowing silver altar of Zin.
  5194 | D:6      | Found a stormy altar of Qazlal.
  5261 | D:6      | Found a snail-covered altar of Cheibriados.
  5319 | D:6      | Noticed a kobold demonologist
  5322 | D:6      | Found a transporter.
  5327 | D:6      | Found a transporter.
  5365 | D:6      | Noticed Prince Ribbit
  5380 | D:6      | Killed Prince Ribbit
  5580 | D:6      | Identified the +1 trident of Descent {vorpal, Int+3}
  5686 | D:6      | Found a bloodstained altar of Trog.
  5742 | D:6      | Noticed a sixfirhy
  6046 | D:7      | Reached skill level 13 in Axes
  6237 | D:7      | Reached skill level 1 in Shields
  6237 | D:7      | Reached XP level 9. HP: 55/71 MP: 8/8
  6459 | D:7      | Reached skill level 14 in Axes
  6905 | D:7      | Reached skill level 5 in Shields
  7137 | D:8      | Found Rottarasao's Book Boutique.
  7245 | D:8      | Found a burning altar of Makhleb.
  7294 | D:8      | Reached skill level 15 in Axes
  7441 | D:8      | Noticed Joseph
  7456 | D:8      | Killed Joseph
  7480 | D:8      | Found an ancient bone altar of Kikubaaqudgha.
  7704 | D:8      | Reached **** piety under Trog
  7705 | D:8      | Reached XP level 10. HP: 49/78 MP: 9/9
  9050 | D:9      | Noticed a two-headed ogre
  9066 | D:9      | HP: 2/117 [two-headed ogre/+0 giant club (23)]
  9389 | D:9      | Reached skill level 16 in Axes
  9886 | D:9      | Killed a two-headed ogre
  9887 | D:9      | Reached skill level 10 in Shields
  9948 | D:10     | Entered Level 10 of the Dungeon
  9954 | D:10     | Noticed a gargoyle
  9968 | D:10     | Killed a gargoyle
 10088 | D:10     | Noticed a two-headed ogre
 10093 | D:10     | Reached XP level 11. HP: 78/84 MP: 10/10
 10100 | D:10     | Killed a two-headed ogre
 10132 | D:10     | Found a glowing golden altar of the Shining One.
 10273 | D:10     | Found Fug Rah's Distillery.
 10302 | D:10     | Found a sacrificial altar of Ru.
 10310 | D:10     | Reached skill level 17 in Axes
 10579 | D:10     | Found a shimmering blue altar of Sif Muna.
 10755 | D:11     | Noticed a boulder beetle
 10789 | D:11     | Killed a boulder beetle
 10790 | D:11     | Reached skill level 5 in Fighting
 11084 | D:11     | Noticed a purple ugly thing
 11093 | D:11     | Noticed a red ugly thing
 11099 | D:11     | Killed a purple ugly thing
 11103 | D:11     | Killed a red ugly thing
 11104 | D:11     | Reached skill level 5 in Armour
 11353 | D:11     | Noticed a death yak
 11353 | D:11     | Noticed a death yak
 11358 | D:11     | Noticed a death yak
 11368 | D:11     | Killed a death yak
 11375 | D:11     | Killed a death yak
 11377 | D:11     | Killed a death yak
 11396 | D:11     | Found a staircase to the Lair.
 11943 | D:11     | Found a staircase to the Orcish Mines.
 12418 | D:12     | Noticed a two-headed ogre
 12427 | D:12     | Killed a two-headed ogre
 12505 | D:12     | Reached XP level 12. HP: 100/100 MP: 11/11
 12756 | Lair:1   | Entered Level 1 of the Lair of Beasts
 12783 | Lair:1   | Reached skill level 18 in Axes
 12985 | Lair:1   | Noticed Harold
 12995 | Lair:1   | Killed Harold
 13013 | Lair:1   | Noticed a catoblepas
 13049 | Lair:1   | Killed a catoblepas
 14247 | Lair:2   | Noticed a five-headed hydra
 14263 | Lair:2   | Killed a five-headed hydra
 14483 | Lair:2   | Reached XP level 13. HP: 112/112 MP: 12/12
 14688 | Lair:2   | Reached skill level 10 in Fighting
 15193 | Lair:3   | Found a staircase to the Snake Pit.
 15328 | Lair:3   | Reached skill level 10 in Armour
 15562 | Lair:3   | Reached skill level 19 in Axes
 16014 | Lair:3   | Found a staircase to the Shoals.
 16901 | Lair:4   | Found an ancient bone altar of Kikubaaqudgha.
 17083 | Lair:4   | Found a runed translucent gate.
 17083 | Lair:4   | Noticed Gutwoarch's ghost (journeyman GnDe)
 17084 | Lair:4   | Found a runed translucent gate.
 17084 | Lair:4   | Found a runed translucent gate.
 17281 | Lair:5   | Entered Level 5 of the Lair of Beasts
 18133 | Lair:5   | Found a staircase to the Slime Pits.
 18306 | Lair:5   | Reached skill level 5 in Dodging
 18430 | Lair:5   | Reached XP level 14. HP: 78/124 MP: 13/13
 18555 | Lair:5   | Identified the +4 plate armour "Siesk" {Rampage *Slow
                  | Int+2}
 19259 | Lair:5   | Reached ***** piety under Trog
 19460 | Orc:1    | Entered Level 1 of the Orcish Mines
 19507 | Orc:2    | Entered Level 2 of the Orcish Mines
 19552 | Orc:2    | Found a staircase to the Elven Halls.
 19820 | Orc:2    | Found a gateway to a bazaar.
 19859 | Orc:2    | Reached skill level 15 in Shields
 19890 | Orc:2    | Found Kagizihomi's Distillery.
 19890 | Orc:2    | Found Joow's Weapon Shoppe.
 19891 | Orc:2    | Found Tuemuucu's Armour Shoppe.
 19891 | Orc:2    | Found Meycukh's Distillery.
 19903 | Orc:2    | Reached skill level 20 in Axes
 19915 | Orc:2    | Paralysed by something for 4 turns
 20032 | Orc:2    | Bought the +3 Mad Mage's Maulers {Infuse+∞ RegenMP Int-3}
                  | for 560 gold pieces
 20032 | Orc:2    | Found the +3 Mad Mage's Maulers {Infuse+∞ RegenMP Int-3}
 20043 | Orc:2    | Bought a potion of heal wounds for 70 gold pieces
 20045 | Orc:2    | Bought a potion of heal wounds for 80 gold pieces
 20045 | Orc:2    | Bought a potion of heal wounds for 80 gold pieces
 20208 | Orc:1    | You fall into a shaft and drop 1 floor!
 20405 | D:13     | Found Kueh's Armour Boutique.
 20408 | D:13     | Bought a +2 pair of boots for 247 gold pieces
 20814 | D:13     | Received a gift from Trog
 21765 | D:14     | Reached XP level 15. HP: 134/134 MP: 0/14
 21931 | D:14     | Identified the +1 pair of gloves "Sunlam" {rF+}
 22041 | D:14     | Found a gate to the Vaults.
 22544 | D:15     | Entered Level 15 of the Dungeon
 23459 | D:15     | Found a staircase to the Depths.
 23764 | Snake:1  | Entered Level 1 of the Snake Pit
 25567 | Snake:1  | Identified the ring of Nusup {Fire rElec}
 25619 | Snake:1  | Noticed Mlioglotl
 25620 | Snake:1  | Found Geenalui's General Store.
 25620 | Snake:1  | Found Babigosoc's Distillery.
 25637 | Snake:1  | Killed Mlioglotl
 25814 | Snake:1  | Bought a potion of heal wounds for 70 gold pieces
 25910 | Snake:1  | Found the +18 shield of the Gong {rElec rN+ Will+ EV-5}
 26085 | Snake:2  | Found Udyukhen's Jewellery Emporium.
 26087 | Snake:2  | Found Zaclept's Assorted Antiques.
 26089 | Snake:2  | Found Racwo's Magic Scroll Emporium.
 26238 | Snake:2  | Bought a scroll of enchant armour for 82 gold pieces
 26238 | Snake:2  | Bought a scroll of enchant armour for 82 gold pieces
 26238 | Snake:2  | Bought a scroll of enchant armour for 82 gold pieces
 26298 | Snake:2  | Identified the +5 ring mail of the Wilderness {rN+}
 26324 | Snake:2  | Found Toafazan's Specific Store.
 26327 | Snake:2  | Found Ynieb's General Store.
 26748 | Snake:2  | Reached skill level 21 in Axes
 27249 | Snake:2  | Reached XP level 16. HP: 120/146 MP: 1/15
 27715 | Snake:3  | Reached skill level 10 in Dodging
 27995 | Snake:3  | Noticed Nikola
 28024 | Snake:3  | Killed Nikola
 28793 | Snake:4  | Entered Level 4 of the Snake Pit
 29091 | Snake:4  | Reached skill level 15 in Fighting
 29547 | Snake:4  | Reached skill level 15 in Armour
 30996 | Snake:4  | Reached XP level 17. HP: 156/156 MP: 1/16
 31361 | Snake:4  | Got a serpentine rune of Zot
 31574 | Shoals:1 | Entered Level 1 of the Shoals
 31666 | Shoals:1 | Identified a scroll of acquirement
 31694 | Lair:3   | Acquired a +1 hat of stealth
 32087 | Shoals:1 | Reached skill level 22 in Axes
 32196 | Shoals:1 | Noticed Donald
 32205 | Shoals:1 | Killed Donald
 32737 | Shoals:2 | Noticed Louise
 32762 | Shoals:1 | Killed Louise
 32782 | Shoals:2 | Found Wueps's Assorted Antiques.
 32786 | Shoals:2 | Bought a potion of heal wounds for 160 gold pieces
 32786 | Shoals:2 | Bought a scroll of enchant armour for 240 gold pieces
 32793 | Shoals:2 | Noticed Polyphemus
 32813 | Shoals:2 | Killed Polyphemus
 32929 | Shoals:2 | Noticed Ilsuiw
 32948 | Shoals:2 | Killed Ilsuiw
 33965 | Shoals:2 | Identified the +1 scale mail of Dogmatism {Int+4}
 34745 | Shoals:3 | Noticed a kraken
 34755 | Shoals:3 | Killed a kraken
 35337 | Shoals:4 | Entered Level 4 of the Shoals
 35355 | Shoals:4 | Reached XP level 18. HP: 168/168 MP: 0/17
 36292 | Shoals:4 | Mangled by a snapping turtle

Illustrated notes

Levels and vault maps discovered:
D:1:      roderic_octagonal_star, layout_basic,
          dreamdust_ecumenical_altar_angels_and_demons, serial_glass,
          glass_columns_a, glass_columns_a, glass_columns_b, glass_columns_b,
          glass_columns_b, glass_columns_c, minmay_pentomino_v4
D:2:      layout_basic, uniq_terence
D:3:      layout_loops_ring, serial_shops, shop, grunt_ministairs_7,
          minmay_box_of_dots, uniq_pargi, uniq_ijyb
D:4:      layout_gridville, mainiacjoe_overflow_catwalk
D:5:      dreamdust_elfheim, layout_loops_ring, minmay_temple_entry_arrows
D:6:      gammafunk_wand_slinger, layout_loops_cross, lemuel_doored_altar,
          zin_scriptorium, mainiacjoe_overflow_big_doors, grunt_ministairs_2,
          uniq_prince_ribbit1
D:7:      layout_basic
D:8:      layout_loops_ring, mainiacjoe_overflow_concentric_impassable,
          kennysheep_vampire_church, nicolae_stop_n_shop_1, st_stairs_10,
          kennysheep_big_empty_room, uniq_joseph
D:9:      layout_irregular_city
D:10:     layout_long_grid, amcnicky_altar_gilded, led_sif_pool,
          mainiacjoe_overflow_tiny_flanked, serial_shops,
          nicolae_shop_hallway_plus
D:11:     layout_rooms, dpeg_lair_monsters, orc_0_dummy
D:12:     layout_rooms, kennysheep_donut
D:13:     layout_loops_ring, serial_shops, statue_bzr, shop
D:14:     layout_basic, hangedman_vaults_entry_quadrant_bands
D:15:     hangedman_depths_entry_civil_slaughter, layout_cave_pods
Lair:1:   layout_gridlike, grunt_forest_small_clearings,
          small_statue_intersection, beast_lair_carwin_11, uniq_harold
Lair:2:   layout_cave_pods, st_stairs_5, chequers_serial_rivers_micro_b
Lair:3:   layout_concentric_octagons, elwin_shoals_entry_rooms,
          guppyfry_snake_entry_garden
Lair:4:   cheibrodos_magma_flow, layout_misc_corridors,
          gammafunk_ghost_hydra_chop, lemuel_oklob_altar
Lair:5:   minmay_lair_end_enchanted_forest, layout_loops_ring, slime_entry_1,
          chequers_serial_rivers_small_b
Shoals:1: layout_shoals, uniq_donald
Shoals:2: layout_shoals, serial_shops, nicolae_shop_hallway_stairs,
          nicolae_shoals_spring_well_temple, uniq_ilsuiw, uniq_polyphemus,
          uniq_louise
Shoals:3: layout_shoals, nicolae_shoals_stone_sculpture_thing,
          argonaut_gorgonesque
Shoals:4: shoals_end_grunt_garden, layout_shoals
Snake:1:  layout_rooms, minmay_shoptagon, uniq_mlioglotl
Snake:2:  layout_gridlike, nicolae_specific_store, corexii_hall_statues_u,
          minmay_shop_star
Snake:3:  layout_rooms, serial_bayou_shore_b, uniq_nikola
Snake:4:  grunt_snake_rune_serpentine_throne, layout_cave_shapes,
          grunt_megastairs_2, serial_bayou_shore_a
Orc:1:    layout_caves, serial_shops, shop
Orc:2:    st_orc_ogre_mass, layout_caves, serial_shops, freezing_bzr

Skill      XL: |  1  2  3  4  5  6  7  8  9 10 11 12 13 14 15 16 17 18 |
---------------+-------------------------------------------------------+-----
Axes           | 4 5 7 9 11 13 15 16 17 18 19 20 21 22 | 22.7
Fighting       | 4 7 9 11 12 14 15 16 17 | 17.0
Armour         | 3 6 9 11 12 14 15 16 | 16.7
Shields        | 1 7 10 12 13 14 15 16 17 18 19 | 19.0
Dodging        | 5 7 9 11 12 13 | 13.1

Action                   |  1- 3 |  4- 6 |  7- 9 | 10-12 | 13-15 | 16-18 || total
-------------------------+-------+-------+-------+-------+-------+-------++-------
Melee: Hand axe          |    70 |   118 |   164 |       |       |       ||   352
       Headbutt          |     9 |    21 |    51 |   129 |   346 |   223 ||   779
       Punch             |       |       |     1 |       |       |       ||     1
       War axe           |       |       |   129 |   567 |  1025 |   870 ||  2591
       Unarmed           |       |       |     2 |       |       |       ||     2
       Morningstar       |       |       |       |    11 |   160 |       ||   171
Invok: Trog's Hand       |     1 |     5 |     9 |    17 |    24 |    35 ||    91
       Berserk           |     1 |     3 |     5 |    15 |    30 |    30 ||    84
  Use: Scroll            |       |       |    13 |    13 |    11 |    14 ||    51
       Potion            |       |       |     1 |     1 |     3 |     5 ||    10
 Stab: Held in net/web   |       |       |       |       |       |     1 ||     1
Armor: Animal skin       |     2 |       |       |       |       |       ||     2
       Leather armour    |    11 |       |       |       |       |       ||    11
       Scale mail        |       |    42 |    12 |       |       |       ||    54
       Plate armour      |       |       |   130 |   203 |   374 |   379 ||  1086
       Skin              |       |       |     2 |       |       |       ||     2
Dodge: Dodged            |    55 |    53 |    76 |    41 |   202 |   238 ||   665
Block: Tower shield      |       |       |   159 |   576 |  1393 |  1170 ||  3298
       Reflection        |       |       |     3 |    12 |    62 |   119 ||   196
